 Dungeon Crawl Stone Soup version 0.28.0 (webtiles) character file.

Game seed: 13880746324130014696

25 RighteousDevil the Slasher (level 3, -3/29 HPs)
             Began as a Formicid Abyssal Knight on Feb 11, 2022.
             Was a Believer of Lugonu.
             Slain by Sigmund (6 damage)
             ... on level 2 of the Dungeon.
             The game lasted 00:02:34 (1163 turns).

RighteousDevil the Slasher (FoAK)                   Turns: 1163, Time: 00:02:35

Health: -3/29      AC:  5    Str: 19    XL:     3   Next: 20%
Magic:  4/4        EV: 10    Int:  9    God:    Lugonu [**....]
Gold:   11         SH:  0    Dex: 11    Spells: 2/2 levels left

rFire   . . .      SeeInvis +   a - +1 falchion
rCold   . . .      Faith    .   (no shield)
rNeg    . . .      Spirit   .   d - +0 ring mail
rPois   .          Reflect  .   (helmet unavailable)
rElec   .          Harm     .   (no cloak)
rCorr   .          Rampage  .   (no gloves)
Will    .....                   (no boots)
Stlth   +.........              (no amulet)
HPRegen 0.09/turn               (no ring)
MPRegen 0.09/turn               (no ring)

@: no status effects
A: permanent stasis, dig shafts and tunnels, antennae 3, four strong arms
a: Dig, Shaft Self, Renounce Religion, Depart the Abyss, Bend Space


You were on level 2 of the Dungeon.
You worshipped Lugonu.
Lugonu was pleased with you.
You visited 1 branch of the dungeon, and saw 2 of its levels.
You visited the Abyss 1 time.

You collected 11 gold pieces.

Inventory:

Hand Weapons
 a - a +1 falchion (weapon)
Armour
 d - a +0 ring mail (worn)
Scrolls
 b - a scroll of identify {unknown}
 c - 2 scrolls of fog {unknown}
 e - a scroll of immolation {unknown}
Potions
 f - a potion of magic


   Skills:
 - Level 3.2 Fighting
 + Level 3.4 Long Blades
 - Level 2.1 Armour
 - Level 0.8 Dodging
 - Level 2.1 Invocations


You had 2 spell levels left.
You didn't know any spells.
Your spell library was empty.

Dungeon Overview and Level Annotations

Branches:
Dungeon (2/15)

Altars:

Shops:
D:1 *

Annotations:
D:2 Sigmund


Innate Abilities, Weirdness & Mutations

You cannot be hasted, slowed, berserked, paralysed or teleported.
You can dig through walls and to a lower floor.
You have a pair of large antennae on your head. (SInv)
Your four strong arms can wield two-handed weapons with a shield.


Message History

The frilled lizard is heavily wounded.
The frilled lizard misses you.
You miss the frilled lizard.
The frilled lizard bites you but does no damage.
The frilled lizard misses you.
You hit the frilled lizard.
You kill the frilled lizard!
Lugonu accepts your kill.
You can now bend space around yourself.
You see here a frilled lizard corpse.
Found a scroll labelled DOEHUXT FAACO and 2 grey potions.
c - 2 scrolls labelled DOEHUXT FAACO (gained 1)
f - 2 grey potions
Found a faded altar of an unknown god.
Sigmund shouts!
Sigmund completely misses you.
You closely miss Sigmund. Sigmund says, "I'm your fate."
Sigmund closely misses you.
You barely miss Sigmund.
Sigmund hits you with a +1 scythe of freezing.
Sigmund freezes you.
You completely miss Sigmund.
It was a potion of magic.
Magic courses through your body. Sigmund closely misses you.
Unknown command.
You aren't carrying any items that you can evoke.
You barely miss Sigmund.
Sigmund hits you with a +1 scythe of freezing!
Sigmund freezes you.
You hit Sigmund.
Sigmund is lightly wounded.
Sigmund closely misses you.
You hit Sigmund.
Sigmund is moderately wounded.
You hit Sigmund but do no damage.
Sigmund is moderately wounded.
Sigmund hits you with a +1 scythe of freezing!
* * * LOW HITPOINT WARNING * * *
Sigmund freezes you.
You die...

#..§...#.# #######.
#........# #.
#.§_...########### #.
##.§...# #......# #.
###.### #$.....# ####.
#.### #....@.# #....
##...####......# #.###
#.......#(...<.# #.#
#.##.##@#......# #.#
#. #.##@#......# #†#
#. ..##..##...## #.#
..............######.#
..##########......><.#
#.. .:.#######... #..
#.#> .## .# .#


You could see Sigmund.

Vanquished Creatures
  A dart slug (D:1)
  3 ball pythons (D:1)
  3 endoplasms (D:1)
  2 giant cockroaches (D:1)
  2 goblins (D:1)
  2 hobgoblins (D:1)
  3 bats (D:1)
  2 frilled lizards
  2 kobolds (D:1)
  A rat (D:1)
21 creatures vanquished.

Notes
Turn   | Place    | Note
-------+----------+-------------------------------------------
     0 | Abyss:1  | RighteousDevil the Formicid Abyssal Knight began the quest
                  | for the Orb.
     0 | Abyss:1  | Reached XP level 1. HP: 18/18 MP: 2/2
    26 | D:1      | Escaped the Abyss
    33 | D:1      | Found Sayseac's General Store.
   215 | D:1      | Reached XP level 2. HP: 21/24 MP: 3/3
   623 | D:1      | Reached ** piety under Lugonu
   651 | D:1      | Reached XP level 3. HP: 26/29 MP: 4/4
  1057 | D:2      | Noticed Sigmund
  1141 | D:2      | Found a faded altar of an unknown god.
  1163 | D:2      | Slain by Sigmund

Illustrated notes

Levels and vault maps discovered:
D:1:      dpeg_arrival_lava_altar, layout_basic, serial_shops, shop, hex_medium
D:2:      layout_loops_cross, ebering_ecumenical_altar_mist,
          minmay_misc_feat_secret_circle, minivault_5, uniq_sigmund

Skill      XL: |  1  2 |
---------------+-------+-----
Long Blades    | 3 |  3.4
Fighting       | |  3.2
Armour         | |  2.1
Dodging        | |  0.8
Invocations    | |  2.1

Action                   || total
-------------------------++-------
Melee: Falchion          ||    49
       Punch             ||     1
  Use: Scroll            ||     1
       Potion            ||     1
Armor: Leather armour    ||     8
       Ring mail         ||     6
Dodge: Dodged            ||    37
